 Dungeon Crawl Stone Soup version 0.20.1 (webtiles) character file.

76 KleinerIrrer the Sneak (level 4, 0/29 HPs)
             Began as an Octopode Assassin on July 2, 2017.
             Slain by a goblin
             ... wielding a +0 dagger
             ... led by Robin
              (3 damage)
             ... on level 2 of the Dungeon.
             The game lasted 00:03:25 (1457 turns).

KleinerIrrer the Sneak (Octopode Assassin)          Turns: 1457, Time: 00:03:25

Health: 0/29       AC:  1    Str: 10    XL:     4   Next: 32%
Magic:  4/4        EV: 13    Int: 15    God:
Gold:   54         SH:  0    Dex: 14    Spells: 3/3 levels left

rFire    . . .     SeeInvis .   r - +4 falchion (slice)
rCold    . . .     Gourm    .   (no shield)
rNeg     . . .     Faith    .   (helmet restricted)
rPois    .         Spirit   .   (no amulet)
rElec    .         Reflect  .   i - +2 ring of intelligence
rCorr    .         Harm     .   n - ring of wizardry
MR       .....                  (no ring)
Stlth    +++++.....             (no ring)
Regen    0.1/turn               (no ring)
MPRegen  0.1/turn               (no ring)
                                (no ring)
                                (no ring)

@: hasted, very quick
A: almost no armour, stealthy swim, amphibious, 8 rings, constrict 8, camouflage
1, gelatinous body 1
a: no special abilities


You were on level 2 of the Dungeon.
You were not hungry.

You visited 1 branch of the dungeon, and saw 2 of its levels.

You collected 54 gold pieces.

Inventory:

Hand Weapons
 a - a +2 dagger
 b - a +0 blowgun
 r - a +4 falchion of slicing (weapon)
Missiles
 c - 8 poisoned needles
 d - 2 curare-tipped needles
Jewellery
 i - a +2 ring of intelligence (left tentacle)
 n - a ring of wizardry (right tentacle)
Scrolls
 e - 7 scrolls of identify {unknown}
 g - a scroll of enchant weapon {unknown}
 h - 2 scrolls of fog {unknown}
 j - 2 scrolls of blinking {unknown}
 k - a scroll of enchant armour {unknown}
 l - 2 scrolls of random uselessness {unknown}
Potions
 m - a potion of curing {unknown}
 o - a potion of agility {unknown}
 s - a potion of degeneration {unknown}
 t - a potion of flight {unknown}
Comestibles
 f - 5 bread rations
 q - a royal jelly


   Skills:
 - Level 2.0 Fighting
 + Level 2.4 Short Blades
 - Level 2.0 Throwing
 + Level 1.3 Dodging
 + Level 7.4 Stealth


You had 3 spell levels left.
You didn't know any spells.

Dungeon Overview and Level Annotations

Branches:
Dungeon (2/15)

Altars:

Annotations:
D:2 Robin


Innate Abilities, Weirdness & Mutations

You cannot wear most types of armour.
You are very stealthy in the water. (Stealth+)
You are amphibious.
You can wear up to eight rings at the same time.
You can use your tentacles to constrict eight enemies at once.
Your skin changes colour to match your surroundings (Stealth+).
Your rubbery body absorbs attacks. (AC +1, EV +1)


Message History

The goblin closely misses you.
You riposte.
You barely miss the goblin. You grab the goblin. You squeeze the goblin.
The goblin is heavily wounded.
The goblin hits you but does no damage.
You barely miss the goblin. You grab the goblin.
The goblin is severely wounded.
You constrict the goblin. x2
Robin roars a battlecry!
The goblins go into a battle-frenzy!
The goblin misses you. The goblin hits you with a club!
* * * LOW HITPOINT WARNING * * *
The goblin hits you with a dagger.
* * * LOW HITPOINT WARNING * * *
The goblin misses you.
You riposte.
You completely miss the goblin. You squeeze the goblin.
You kill the goblin!
You feel yourself speed up.
You constrict the goblin.
You kill the goblin!
The goblin hits you with a dagger.
You die...

###.######.########
#####.............##...
###
#....................##
#.##
#.##)##.######.##.#####
...# #. #.#
###.##.##### #.## #g
#.# #......÷.... #.# ..
#.# #[#.##...... #.#
..#.####†# #.#.####.##.
#.# ..ggggg@)# # #.#
#.##. #.# ##g#######
#.####.##. #.# #
#......... #.######.##.
###.#####. #...........
#.# #. ###.<......# #.#
#. ##.####.##. # ##.##
#. ##.......#
#.##...####. ....######
#.......(...


You could see 4 hobgoblins and 2 goblins.

Vanquished Creatures
  Terence (D:2)
  An ooze (D:1)
  A dart slug (D:1)
  A leopard gecko (D:2)
  4 giant cockroaches
  8 goblins
  7 hobgoblins
  2 jackals (D:2)
  3 bats (D:1)
  5 frilled lizards
  5 kobolds
  2 rats
40 creatures vanquished.

Notes
Turn   | Place    | Note
-------+----------+-------------------------------------------
     0 | D:1      | KleinerIrrer the Octopode Assassin began the quest for the Orb.
     0 | D:1      | Reached XP level 1. HP: 14/14 MP: 1/1
   116 | D:1      | Reached XP level 2. HP: 19/19 MP: 2/2
   120 | D:1      | Reached skill level 6 in Stealth
   468 | D:1      | Reached XP level 3. HP: 22/24 MP: 3/3
   916 | D:2      | Noticed Terence
   920 | D:2      | Killed Terence
   920 | D:2      | Reached skill level 7 in Stealth
   920 | D:2      | Reached XP level 4. HP: 29/29 MP: 4/4
  1107 | D:2      | Noticed Robin
  1457 | D:2      | Slain by a goblin

Skill      XL: |  1  2  3 |
---------------+----------+-----
Stealth        | 6 7 |  7.4
Fighting       | |  2.0
Short Blades   | |  2.4
Throwing       | |  2.0
Dodging        | |  1.3

Action                   |  1- 3 |  4- 6 || total
-------------------------+-------+-------++-------
Melee: Dagger            |    44 |    14 ||    58
       Tentacles         |     7 |     5 ||    12
       Constrict         |     4 |     9 ||    13
       Falchion          |       |     9 ||     9
  Use: Scroll            |     1 |       ||     1
       Potion            |       |     2 ||     2
 Stab: Sleeping          |    14 |     1 ||    15
  Eat: Chunk             |       |     2 ||     2
Armor: Skin              |     1 |     1 ||     2
Dodge: Dodged            |    14 |    16 ||    30
       Rpst.: Falchion   |       |     3 ||     3
